 Dungeon Crawl Stone Soup version 0.22.1-1-ga44c0e5 (webtiles) character file.

368005 Maffolandro the Slayer (level 22, -7/220 HPs)
             Began as a Hill Orc Wanderer on Aug 13, 2018.
             Was the Champion of Okawaru.
             Shot with a bolt by a yaktaur captain (23 damage)
             ... on level 2 of the Depths on Oct 29, 2018.
             The game lasted 06:05:29 (62740 turns).

Maffolandro the Slayer (Hill Orc Wanderer)         Turns: 62740, Time: 06:05:31

Health: -7/220     AC: 30    Str: 28    XL:     22   Next: 60%
Magic:  35/35      EV: 10    Int: 15    God:    Okawaru [******]
Gold:   4080       SH: 20    Dex:  4    Spells: 20/40 levels left

rFire    + . .     SeeInvis .   a - +9 broad axe (elec)
rCold    . . .     Gourm    .   g - +0 shield
rNeg     + + +     Faith    .   k - +6 scale mail of Altruism {rN+ rCorr Int+3 Dex-5}
rPois    +         Spirit   .   X - +2 helmet
rElec    .         Reflect  +   M - +2 cloak {MR+}
rCorr    +         Harm     .   Q - +2 pair of gloves of Fofakoun {rPois rF+ Str+3 Dex-3}
MR       ++++.                  Y - +2 pair of boots {run}
Stlth    ..........             y - +6 amulet of reflection
HPRegen  0.46/turn              r - ring of Qolyzon {*Contam rN+ MR+ Str+2}
MPRegen  0.24/turn              I - ring of Enaesch {Wiz rN+ MR+}

@: quick
A: no striking features
}: 2/15 runes: decaying, gossamer
a: Heroism, Finesse, Renounce Religion


You were on level 2 of the Depths.
You worshipped Okawaru.
Okawaru was exalted by your worship.
You were not hungry.

You visited 9 branches of the dungeon, and saw 41 of its levels.
You also visited: Ossuary and Wizlab.

You collected 4200 gold pieces.
You spent 120 gold pieces at shops.

Inventory:

Hand Weapons
 a - a +9 broad axe of electrocution (weapon)
 b - a +1 broad axe of flaming
 O - the +6 Majin-Bo {vamp, Archmagi MP+6 Int+6}
   (You took it off a Hellbinder in a wizard's laboratory)

   It inflicts no extra harm, but heals its wielder when it wounds a living foe.
   It affects your intelligence (+6).
   It affects your magic capacity (+6).
Missiles
 l - 12 javelins
 C - a throwing net
 D - 30 tomahawks (quivered)
Armour
 g - a +0 shield (worn)
 k - the +6 scale mail of Altruism (worn) {rN+ rCorr Int+3 Dex-5}
   (You found it on level 3 of the Elven Halls)

   It affects your intelligence (+3).
   It affects your dexterity (-5).
   It protects you from negative energy.
   It provides partial protection from all sources of acid and corrosion.
 M - a +2 cloak of magic resistance (worn)
 N - the +3 pair of gloves of Tulips {rElec}
   (Okawaru gifted it to you on level 2 of the Swamp)

   It insulates you from electricity.
 Q - the +2 pair of gloves of Fofakoun (worn) {rPois rF+ Str+3 Dex-3}
   (Okawaru gifted it to you on level 2 of the Vaults)

   It affects your strength (+3).
   It affects your dexterity (-3).
   It protects you from fire.
   It protects you from poison.
 X - a +2 helmet (worn)
 Y - a +2 pair of boots of running (worn)
Jewellery
 r - the ring of Qolyzon (left hand) {*Contam rN+ MR+ Str+2}
   (You found it on level 1 of the Spider Nest)

   [ring of protection from magic]

   It affects your strength (+2).
   It protects you from negative energy.
   It affects your resistance to hostile enchantments.
   It causes magical contamination when unequipped.
 y - a +6 amulet of reflection (around neck)
 I - the ring of Enaesch (right hand) {Wiz rN+ MR+}
   (You took it off a deep elf mage on level 1 of the Elven Halls)

   [ring of wizardry]

   It improves your spell success rate.
   It protects you from negative energy.
   It affects your resistance to hostile enchantments.
Wands
 e - a wand of iceblast (34)
 x - a wand of flame (95)
 z - a wand of enslavement (15)
 E - a wand of paralysis (3)
 F - a wand of clouds (8)
 J - a wand of random effects (122)
 K - a wand of scattershot (8)
 L - a wand of digging (39)
 R - a wand of acid (21)
 S - a wand of polymorph (25)
Scrolls
 h - 4 scrolls of remove curse
 i - 7 scrolls of fear
 j - a scroll of magic mapping
 m - 17 scrolls of teleportation
 o - 2 scrolls of summoning
 q - 8 scrolls of fog
 t - 3 scrolls of identify
 w - 5 scrolls of blinking
 A - 8 scrolls of immolation
Potions
 c - 17 potions of curing
 n - 3 potions of haste
 p - a potion of invisibility
 s - 5 potions of flight
 u - 4 potions of berserk rage
 B - 9 potions of heal wounds
 T - 4 potions of agility
 U - a potion of resistance
 Z - 7 potions of ambrosia
Miscellaneous
 d - a lightning rod (4/4)
 v - a phantom mirror
 G - a lamp of fire
 H - a phial of floods
 W - a crystal ball of energy
Comestibles
 f - 73 rations


   Skills:
 - Level 23.0 Fighting
 - Level 19.7(20.0) Axes
   Level 4.9(12.4) Maces & Flails
   Level 1.0 Crossbows
 - Level 15.0 Armour
 - Level 1.0 Dodging
 - Level 1.5 Stealth
 - Level 15.0 Shields
 - Level 1.1 Unarmed Combat
 * Level 9.8 Spellcasting
 - Level 0.5 Charms
 - Level 12.0 Summonings
 + Level 4.3 Translocations
 - Level 8.0 Invocations
 + Level 13.7 Evocations


You had 20 spell levels left.
You knew the following spells:

 Your Spells              Type           Power        Failure   Level  Hunger
a - Blink                 Tloc           N/A          1%          2    None
b - Shroud of Golubria    Chrm/Tloc      ##........   4%          2    None
c - Call Canine Familiar  Summ           #####...     1%          3    #......
d - Summon Butterflies    Summ           #####...     1%          1    None
e - Summon Ice Beast      Ice/Summ       ####....     6%          4    ###....
f - Summon Lightning Spi  Summ/Air       ####....     6%          4    ###....
g - Passage of Golubria   Tloc           N/A          12%         4    ###....

Your spell library contained the following spells:

 Spells                   Type           Power        Failure   Level  Hunger
 Gell's Gravitas          Tloc           ###.......   3%          3    #......
 Lesser Beckoning         Tloc           ###.......   3%          3    #......
 Teleport Other           Tloc           ###.....     3%          3    #......
 Infusion                 Chrm           #...         6%          1    None
 Confusing Touch          Hex            #.....       7%          1    None
 Corona                   Hex            #......      7%          1    None
 Summon Mana Viper        Hex/Summ       ####....     16%         5    #####..
 Confuse                  Hex            #.......     21%         3    #......
 Static Discharge         Conj/Air       #.......     21%         3    #......
 Tukima's Dance           Hex            #.......     21%         3    #......
 Summon Hydra             Summ           #####.....   38%         7    #######
 Cause Fear               Hex            #.........   52%         4    ###....
 Petrify                  Tmut/Erth      #.......     52%         4    ###....
 Irradiate                Conj/Tmut      #.........   86%         5    #####..
 Lightning Bolt           Conj/Air       #.........   86%         5    #####..
 Metabolic Englaciation   Hex/Ice        #.........   86%         5    #####..
 Yara's Violent Unravell  Hex/Tmut       #.........   86%         5    #####..
 Spellforged Servitor     Conj/Summ      ####......   99%         7    #######
 Hydra Form               Tmut           #.........   100%        6    ######.
 Statue Form              Tmut/Erth      #........    100%        6    ######.
 Dragon Form              Tmut           #.........   100%        7    #######
 Ignition                 Fire           #.........   100%        8    #######
 Shatter                  Erth           #.........   100%        9    #######
 Tornado                  Air            #.........   100%        9    #######


Dungeon Overview and Level Annotations

Branches:
Dungeon (15/15)            Temple (1/1) D:4            Lair (6/6) D:11
  Swamp (4/4) Lair:4       Spider (4/4) Lair:4          Orc (2/2) D:11
    Elf (3/3) Orc:2        Vaults (4/5) D:14          Crypt (0/3) Vaults:2
 Depths (2/5) D:15
  Slime: Lair:5-6

Altars:
Ashenzari
Cheibriados
Dithmenos
Fedhas
Hepliaklqana
Kikubaaqudgha
Makhleb
Nemelex Xobeh
Okawaru
Qazlal
Ru
Sif Muna
Trog
Uskayaw
Vehumet
Wu Jian
Xom
Yredelemnul
Zin
The Shining One

Shops:
D:5 (   D:11 !   Orc:2 %:*%[   Elf:1 !   Elf:3 :   Vaults:2 =

Portals:
Hell: Depths:1
Abyss: Depths:1 Depths:2
Pandemonium: Depths:1

Annotations:
D:2 Terence
D:3 1 runed door
D:15 Roxanne
Lair:5 exclusion: 2 oklob plants
Lair:6 3 runed doors, exclusion: oklob plant, Cem Reogh's ghost, journeyman NaTm
Swamp:4 1 runed door, Ycsiunue's ghost, adept DsWr
Orc:2 2 runed doors, magipi's ghost, journeyman GrFE
Elf:3 1 exclusion


Message History

You hear a splash.
The frost giant gestures at you while chanting.
The bolt of cold hits you!
The two-headed ogre shouts in stereo!
You hear two shouts!
The yaktaur captain shoots a bolt.
The bolt hits you!
* * * LOW HITPOINT WARNING * * *
You see here a bolt.
Things that are here:
a battleaxe of freezing; a potion of ambrosia The yaktaur captain shoots a bolt.
The bolt hits you!!
* * * LOW HITPOINT WARNING * * *
There is a stone staircase leading up, spattered with blood here.
You see here a bolt.
The ogre mage points at the two-headed ogre and mumbles some strange words.
The two-headed ogre seems to speed up.
The frost giant points at you and mumbles some strange words.
The bolt of cold hits you!
* * * LOW HITPOINT WARNING * * *
The yaktaur captain shoots a bolt.
The bolt hits you!!
You die...

,,,,,,,....###..............#
,,**,..,,#..................#
,,,,,.O.*#.................#*
,,,,,....#.O.O........(....###
≈≈≈,,#...#......#.........(..###
≈≈≈,**#..O.....###..........(..#
≈,,,,*#.≈..C..(.##..#.#...(.(###
,,,,,.#.≈(≈...§)##.....#..†.###
,,,,,...≈≈c≈.≈≈§@...##.#..(...#
,,,,,...≈≈##'##≈≈#..#.....(...# #
,,,,,..≈≈##...##≈≈#.###....<..###
,,,,,.≈≈##..?..##≈≈.##)##........
,,,,,..≈≈##...##≈≈...#).#.....###
,,,,....≈≈#####≈≈........#....#..
,,,,...,,≈≈≈≈≈≈≈.##.....###.###..
,,,,..,**$≈≈≈≈≈......≈..# #......
,,,*.,,*######.......≈..#*##.....


You could see a frost giant, a yaktaur captain, 2 two-headed ogres and an ogre
mage.

Vanquished Creatures
  A Hellbinder (WizLab)
  Arachne (Spider:3)
  Rupert (Lair:4)
  A lich (Vaults:4)
  A tengu reaver (Depths:1)
  A thorn hunter (Swamp:3)
  3 sphinxes
  A cacodemon (WizLab)
  3 frost giants
  5 fire giants
  An iron dragon (Depths:1)
  6 ghost moths
  3 deep elf sorcerers
  2 emperor scorpions
  6 vault wardens
  2 deep elf elementalists
  A balrug (WizLab)
  A blood saint (WizLab)
  5 entropy weavers
  5 ironheart preservers
  5 very ugly things
  4 stone giants
  2 vampire knights (Vaults:2)
  3 deep elf annihilators
  5 spark wasps (Spider:4)
  A lorocyproca (WizLab)
  3 blizzard demons (WizLab)
  Snorg (Lair:3)
  3 ettins (Depths:1)
  A green death (WizLab)
  3 fire dragons
  6 deep elf death magi
  2 deep elf high priests
  11 yaktaur captains
  6 ice dragons
  3 great orbs of eyes (Vaults:1)
  An ice dragon (shapeshifter) (Elf:3)
  8 vault guards
  2 hell beasts (WizLab)
  16 hydras
  19 alligators
  2 rakshasas (Depths:1)
  11 centaur warriors
  5 ogre magi
  A catoblepas (Lair:6)
  25 two-headed ogres
  36 dancing weapons
  4 death yaks (Lair:6)
  2 death knights
  4 deep troll earth magi
  9 deep troll shamans
  3 tengu warriors
  2 vampire magi
  4 orc high priests
  18 deep elf knights
  3 sun demons (WizLab)
  A soul eater (WizLab)
  Sonja (Lair:3)
  2 sixfirhies (WizLab)
  4 skeletal warriors (D:13)
  A glowing orange brain (Vaults:2)
  2 shadow wraiths
  An infernal demonspawn (Depths:1)
  2 spriggan druids
  A shadow demon (Depths:1)
  16 deep trolls
  16 swamp dragons
  3 unseen horrors
  A torturous demonspawn (Depths:1)
  A flayed ghost (Depths:2)
  3 shambling mangroves
  9 wizards
  14 deep elf archers
  6 ironbrand convokers
  Pikel (D:5)
  60 deep elf magi
  12 orb spiders
  A necromancer (D:14)
  11 orc knights
  38 wolf spiders
  35 ugly things
  7 orc sorcerers
  3 rust devils
  2 moths of wrath
  A manticore (D:11)
  9 elephants
  3 cyclopes
  2 centaur zombies
  6 black mambas
  3 gargoyles
  A guardian serpent (shapeshifter) (Elf:1)
  9 vault sentinels
  12 spiny frogs
  3 orange demons (WizLab)
  6 centaur skeletons
  A smoke demon (WizLab)
  3 komodo dragons
  2 kobold demonologists
  11 demonic crawlers
  A yaktaur (shapeshifter) (Vaults:3)
  4 rime drakes
  A rime drake (shapeshifter) (D:14)
  A komodo dragon (shapeshifter) (Depths:2)
  51 yaktaurs
  3 freezing wraiths
  3 tengu conjurers
  2 hellwings (WizLab)
  3 ice devils
  4 red devils (WizLab)
  7 trolls
  3 meliai (D:14)
  22 jumping spiders
  36 slime creatures
  Prince Ribbit (D:8)
  21 blink frogs
  7 tyrant leeches
  31 hornets
  2 polar bears
  6 bog bodies
  A meliai zombie (D:15)
  7 dream sheep (Lair:5)
  6 hippogriffs
  2 air elementals
  A centaur simulacrum (D:14)
  Sigmund (D:6)
  2 wraiths
  80 redbacks
  8 spriggans
  2 shadows
  34 tarantellas
  2 water elementals
  A ynoxinul (WizLab)
  3 basilisks
  3 hogs (D:7)
  Grum (D:10)
  63 yaks
  2 chaos spawn (WizLab)
  A neqoxec (WizLab)
  17 humans
  A hungry ghost (D:14)
  2 fire elementals
  26 vampire mosquitoes
  A steam dragon (D:8)
  7 insubstantial wisps
  4 wargs
  15 swamp worms
  4 acid dragons
  9 swamp drakes
  14 ice beasts
  29 orc warriors
  10 porcupines
  A slave (D:6)
  12 water moccasins
  A floating eye (shapeshifter) (Vaults:4)
  3 black bears
  A hornet zombie (D:7)
  2 phantoms
  7 sky beasts
  7 wolves
  25 ogres
  12 boggarts
  21 centaurs
  11 crocodiles
  7 necrophages
  2 big kobolds (D:13)
  3 elf zombies
  12 bullfrogs
  A wyvern zombie (D:12)
  6 earth elementals
  2 elf skeletons (D:8)
  A wyvern skeleton (D:14)
  7 scorpions
  9 killer bees
  5 electric eels
  8 wights
  4 howler monkeys
  7 crimson imps
  3 jellies
  4 quasits
  2 bullfrog zombies
  3 hounds
  2 human zombies (Ossuary)
  18 orc priests
  2 bullfrog skeletons
  A hound (shapeshifter) (Elf:2)
  2 iron imps (Depths:1)
  4 iguanas
  27 orc wizards
  10 worker ants
  A killer bee zombie (D:8)
  2 big kobold zombies (Ossuary)
  3 mummies (Ossuary)
  A hound zombie (Ossuary)
  12 adders
  4 gnolls (Orc:2)
  7 shadow imps
  A white imp (Depths:1)
  An ufetubus (Depths:1)
  2 oozes
  4 adder zombies
  An adder skeleton (D:4)
  3 worms
  A dart slug (D:1)
  3 leopard geckos
  83 orcs
  7 bats
  6 giant cockroaches
  15 goblins
  4 hobgoblins
  6 quokkas
  2 ball pythons (D:2)
  3 frilled lizards
  A gnoll zombie (Ossuary)
  A goblin zombie (Ossuary)
  4 hobgoblin zombies (Ossuary)
  2 jackal zombies (Ossuary)
  4 kobolds
  4 kobold zombies (Ossuary)
  2 orc skeletons (D:8)
  An orc zombie (Ossuary)
  A quokka skeleton (D:9)
  4 quokka zombies (Ossuary)
  5 rats
  8 rat zombies (Ossuary)
  2 crawling corpses (Elf:3)
  A plant (D:15)
1645 creatures vanquished.

Vanquished Creatures (collateral kills)
  2 emperor scorpions (Spider:4)
  Louise (Spider:3)
  A hydra (Swamp:4)
  An orb spider (Spider:4)
5 creatures vanquished.

Vanquished Creatures (others)
  A deep elf mage (Elf:1)
  4 yaktaurs
  A blink frog (Swamp:4)
  A centaur (D:13)
  16 fungi
  20 plants
43 creatures vanquished.

Grand Total: 1693 creatures vanquished

Notes
Turn   | Place    | Note
-------+----------+-------------------------------------------
     0 | D:1      | Maffolandro the Hill Orc Wanderer began the quest for the
                  | Orb.
     0 | D:1      | Maffolandro set off with: a potion of heal wounds, a scroll
                  | of fear, 2 potions of curing, a +0 robe, a +0 club, a
                  | ration
     0 | D:1      | Reached XP level 1. HP: 24/24 MP: 1/1
   321 | D:1      | Reached skill level 1 in Maces & Flails
   514 | D:1      | Reached XP level 2. HP: 30/30 MP: 2/2
  1013 | D:2      | Noticed Terence
  1416 | D:2      | Found a faded altar of an unknown god.
  1488 | D:2      | Found a glowing silver altar of Zin.
  1496 | D:2      | Reached XP level 3. HP: 37/37 MP: 3/3
  1824 | D:2      | Found a stormy altar of Qazlal.
  2309 | D:3      | Reached XP level 4. HP: 44/44 MP: 4/4
  2503 | D:3      | Found a runed door.
  3309 | D:4      | Reached XP level 5. HP: 43/50 MP: 5/5
  3456 | D:4      | Reached skill level 1 in Axes
  3763 | D:4      | Found a staircase to the Ecumenical Temple.
  3780 | Temple   | Entered the Ecumenical Temple
  3953 | Temple   | Became a worshipper of Warmaster Okawaru
  4105 | D:4      | Noticed an ogre
  4216 | D:5      | Entered Level 5 of the Dungeon
  4226 | D:5      | Reached XP level 6. HP: 56/57 MP: 6/6
  4291 | D:4      | Reached skill level 5 in Axes
  4475 | D:5      | Noticed an ice beast
  4661 | D:5      | Noticed a yak
  4661 | D:5      | Noticed a yak
  4661 | D:5      | Noticed a yak
  4662 | D:5      | Noticed a yak
  4663 | D:5      | Got a steaming mace
  4690 | D:4      | Identified the cursed +0 mace of Excruciating Pain {freeze,
                  | rN+ Dex-2 SInv} (You found it on level 5 of the Dungeon)
  4723 | D:4      | Reached XP level 7. HP: 37/63 MP: 7/7
  4904 | D:5      | Noticed a yak
  4928 | D:4      | Killed a yak
  4928 | D:4      | Reached * piety under Okawaru
  4928 | D:4      | Reached skill level 1 in Armour
  5097 | D:5      | Found Niteocen's Weapon Shop.
  5375 | D:5      | Killed a yak
  5375 | D:5      | Reached ** piety under Okawaru
  5375 | D:5      | Reached XP level 8. HP: 48/70 MP: 8/8
  5565 | D:4      | Killed a yak
  5693 | D:3      | Killed a yak
  5693 | D:3      | Reached skill level 10 in Axes
  5744 | D:4      | Killed a yak
  6062 | D:5      | Noticed a yak
  6062 | D:5      | Noticed a yak
  6082 | D:5      | Killed a yak
  6082 | D:5      | Reached *** piety under Okawaru
  6088 | D:5      | Killed a yak
  6088 | D:5      | Reached XP level 9. HP: 36/78 MP: 9/9
  6416 | D:6      | Found a deep blue altar of Sif Muna.
  6452 | D:6      | Noticed Sigmund
  6487 | D:6      | Killed Sigmund
  6487 | D:6      | Reached skill level 1 in Invocations
  6857 | D:6      | Noticed Pikel
  6948 | D:5      | Killed Pikel
  6948 | D:5      | Reached **** piety under Okawaru
  6948 | D:5      | Reached skill level 7 in Fighting
  7382 | D:7      | Reached skill level 5 in Armour
  7415 | D:7      | Reached XP level 10. HP: 83/88 MP: 13/13
  7494 | D:7      | Reached skill level 8 in Fighting
  7598 | D:7      | Reached ***** piety under Okawaru
  7870 | D:8      | Noticed Prince Ribbit
  7893 | D:8      | Killed Prince Ribbit
  7893 | D:8      | Reached skill level 9 in Fighting
  8373 | D:8      | Found a sand-covered staircase.
  8381 | Ossuary  | Entered an ossuary
  9377 | D:9      | Reached skill level 10 in Fighting
 10312 | D:9      | Reached XP level 11. HP: 90/100 MP: 14/14
 10579 | D:10     | Entered Level 10 of the Dungeon
 10899 | D:10     | Reached skill level 15 in Axes
 11348 | D:10     | Received a gift from Okawaru
 11394 | D:10     | Killed an unseen horror
 11691 | D:10     | Noticed Grum
 11707 | D:10     | Reached skill level 11 in Fighting
 11727 | D:10     | Killed Grum
 12749 | D:11     | Found Busanur's Distillery.
 12757 | D:11     | Bought a potion of might for 40 gold pieces
 12757 | D:11     | Bought a potion of berserk rage for 50 gold pieces
 12757 | D:11     | Bought a potion of flight for 30 gold pieces
 12890 | D:11     | Noticed a white ugly thing
 12893 | D:11     | Received a gift from Okawaru
 12893 | D:11     | Reached skill level 1 in Evocations
 12910 | D:11     | Killed a white ugly thing
 13757 | D:11     | Found a staircase to the Lair.
 14102 | D:11     | Reached skill level 12 in Fighting
 14670 | D:10     | Reached XP level 12. HP: 27/112 MP: 13/15
 14999 | D:11     | Found a staircase to the Orcish Mines.
 15071 | D:11     | Noticed a two-headed ogre
 15081 | D:11     | Killed a two-headed ogre
 15720 | Lair:1   | Entered Level 1 of the Lair of Beasts
 16108 | Lair:1   | Reached skill level 13 in Fighting
 16942 | Lair:2   | Noticed an eight-headed hydra
 16960 | Lair:2   | Killed an eight-headed hydra
 17295 | Lair:2   | Reached skill level 5 in Evocations
 17334 | Lair:2   | Found a frozen archway.
 17650 | Lair:2   | Reached XP level 13. HP: 96/122 MP: 14/17
 17657 | Lair:2   | Received a gift from Okawaru
 18302 | Lair:3   | Noticed Sonja
 18553 | Lair:3   | Reached skill level 10 in Armour
 18572 | Lair:3   | Killed Sonja
 18909 | Lair:3   | Noticed Snorg
 18953 | Lair:3   | Killed Snorg
 19508 | Lair:3   | Reached skill level 14 in Fighting
 19936 | Lair:4   | Received a gift from Okawaru
 20151 | Lair:4   | Noticed Rupert
 20175 | Lair:4   | Killed Rupert
 20208 | Lair:4   | Reached skill level 5 in Shields
 20250 | Lair:4   | Found a hole to the Spider Nest.
 20514 | Lair:4   | Found a staircase to the Swamp.
 21266 | Lair:5   | Identified a scroll of acquirement
 21607 | Lair:5   | Reached skill level 15 in Fighting
 21725 | Lair:5   | Reached XP level 14. HP: 134/134 MP: 18/18
 23379 | D:13     | Reached ****** piety under Okawaru
 23379 | D:13     | Received a gift from Okawaru
 24356 | D:13     | Reached skill level 16 in Fighting
 24526 | D:11     | Upgraded the game from 0.22.0-5-gf09313c to
                  | 0.22.0-6-g71bd7aa
 24645 | Lair:6   | Entered Level 6 of the Lair of Beasts
 24964 | Lair:6   | Found a runed gate.
 24965 | Lair:6   | Found a runed gate.
 24981 | Lair:6   | Found a runed gate.
 24987 | Lair:6   | Noticed Cem Reogh's ghost (journeyman NaTm)
 25626 | Lair:6   | Received a gift from Okawaru
 25654 | Lair:6   | Reached skill level 10 in Shields
 25661 | Lair:6   | Identified a +1 pair of boots of running (Okawaru gifted it
                  | to you on level 6 of the Lair of Beasts)
 26043 | Lair:6   | Reached XP level 15. HP: 89/145 MP: 10/19
 26749 | D:14     | Reached skill level 17 in Fighting
 27169 | D:14     | Found a gate to the Vaults.
 27178 | D:14     | Received a gift from Okawaru
 27938 | Orc:1    | Entered Level 1 of the Orcish Mines
 28214 | Orc:2    | Entered Level 2 of the Orcish Mines
 28874 | Orc:2    | Found a staircase to the Elven Halls.
 28876 | Orc:2    | Found a large runed door.
 28879 | Orc:2    | Found a large runed door.
 28880 | Orc:2    | Noticed magipi's ghost (journeyman GrFE)
 28974 | Orc:2    | Found Anomefy's Armour Boutique.
 29217 | Orc:2    | Reached skill level 18 in Fighting
 29531 | Orc:2    | Found Ebepagh's Food Shop.
 29531 | Orc:2    | Found Vesuywk's General Store.
 29557 | Orc:2    | Found Zusiteu's Book Shoppe.
 29558 | Orc:2    | Found Kitof's Food Shoppe.
 29584 | Orc:2    | Upgraded the game from 0.22.0-6-g71bd7aa to
                  | 0.22.0-60-ga52c2fc
 29792 | D:15     | Entered Level 15 of the Dungeon
 30081 | D:15     | Received a gift from Okawaru
 30185 | D:15     | Reached XP level 16. HP: 133/156 MP: 21/21
 30690 | D:15     | Noticed Roxanne
 30911 | D:15     | Found a staircase to the Depths.
 31205 | Swamp:1  | Entered Level 1 of the Swamp
 31351 | Swamp:1  | Learned a level 2 spell: Blink
 32498 | Swamp:1  | Received a gift from Okawaru
 32502 | Swamp:1  | Got a warped ring mail {god gift}
 32831 | Elf:1    | Entered Level 1 of the Elven Halls
 33409 | Elf:1    | Reached skill level 19 in Fighting
 33646 | Elf:1    | Found an ancient bone altar of Kikubaaqudgha.
 33686 | Elf:1    | Got an ancient granite ring
 33688 | Elf:1    | Identified the ring of Enaesch {Wiz rN+ MR+} (You took it
                  | off a deep elf mage on level 1 of the Elven Halls)
 33709 | Elf:1    | Reached XP level 17. HP: 165/167 MP: 24/24
 33751 | Elf:1    | Received a gift from Okawaru
 34315 | Elf:1    | Identified the Papyrus of Hexes and Protection
 34520 | Elf:1    | Found Miasaxza's Distillery.
 35043 | Elf:2    | Reached skill level 1 in Translocations
 35233 | Elf:2    | Found an ancient bone altar of Kikubaaqudgha.
 35241 | Elf:2    | Received a gift from Okawaru
 35307 | Elf:2    | Got a polished hand axe {god gift}
 35308 | Elf:2    | Upgraded the game from 0.22.0-60-ga52c2fc to
                  | 0.22.1-1-ga44c0e5
 35352 | Elf:2    | Reached skill level 10 in Evocations
 35510 | Elf:2    | Found a runed gate.
 35510 | Elf:2    | Found a runed gate.
 35510 | Elf:2    | Found a runed gate.
 35696 | Elf:1    | Got a polished flail {crush}
 36816 | Lair:2   | Identified the cursed +1 flail "Utyucaid" {crush, Str+4}
                  | (You took it off a deep elf mage on level 1 of the Elven
                  | Halls)
 36817 | Lair:2   | Identified the +7 hand axe of Woe {protect, Str+2} (Okawaru
                  | gifted it to you on level 2 of the Elven Halls)
 37188 | Swamp:2  | Received a gift from Okawaru
 37189 | Swamp:2  | Got a pair of ichor-stained gloves {god gift}
 37204 | Swamp:2  | Identified the +3 pair of gloves of Tulips {rElec} (Okawaru
                  | gifted it to you on level 2 of the Swamp)
 37367 | Swamp:2  | Got a jet-encrusted chain mail
 37889 | Lair:2   | Identified the +5 chain mail of the Assorted Songs {rF+
                  | SInv} (You found it on level 2 of the Swamp)
 38652 | Swamp:3  | Reached skill level 15 in Shields
 38915 | Swamp:3  | Learned a level 2 spell: Shroud of Golubria
 39221 | Swamp:3  | Reached XP level 18. HP: 177/177 MP: 26/26
 39549 | Spider:1 | Entered Level 1 of the Spider Nest
 39561 | Spider:1 | Reached skill level 1 in Spellcasting
 39983 | Spider:1 | Got a shimmering hat
 39994 | Spider:1 | Identified the +0 hat of Elomoita {MR+ Int+4} (You acquired
                  | it on level 1 of the Spider Nest)
 40164 | Spider:1 | Got a faintly humming cloak
 40175 | Spider:1 | Identified the +0 cloak "Roegall" {MR+} (You acquired it on
                  | level 1 of the Spider Nest)
 40188 | Spider:1 | Got a steaming steel ring
 40190 | Spider:1 | Identified the ring of Qolyzon {*Contam rN+ MR+ Str+2} (You
                  | found it on level 1 of the Spider Nest)
 40237 | Spider:1 | Reached skill level 5 in Invocations
 40237 | Spider:1 | Received a gift from Okawaru
 41212 | Elf:2    | Reached skill level 20 in Fighting
 42030 | Elf:3    | Entered Level 3 of the Elven Halls
 42331 | Elf:3    | Received a gift from Okawaru
 42332 | Elf:3    | Got a ripped robe {god gift}
 42668 | Elf:3    | Got a translucent scale mail
 42669 | Elf:3    | Identified the +6 scale mail of Altruism {rN+ rCorr Int+3
                  | Dex-5} (You found it on level 3 of the Elven Halls)
 42756 | Elf:3    | Found Vuorokip's One-of-a-Kind Books.
 42913 | Elf:3    | Reached skill level 5 in Spellcasting
 44010 | Spider:1 | Reached XP level 19. HP: 113/187 MP: 0/27
 44845 | Spider:3 | Noticed Arachne
 45001 | Spider:2 | Learned a level 3 spell: Call Canine Familiar
 45011 | Spider:3 | Killed Arachne
 45011 | Spider:3 | Reached skill level 1 in Summonings
 45674 | Spider:3 | Received a gift from Okawaru
 45679 | Spider:3 | Got a blackened hand axe {god gift}
 45835 | Spider:3 | Noticed Louise
 45927 | Spider:3 | Killed Louise
 46279 | Spider:3 | Learned a level 1 spell: Summon Butterflies
 46280 | Spider:4 | Entered Level 4 of the Spider Nest
 47058 | Spider:4 | Reached skill level 5 in Summonings
 47406 | Spider:4 | Received a gift from Okawaru
 48701 | Spider:4 | Got a gossamer rune of Zot
 48948 | Lair:2   | Learned a level 4 spell: Summon Ice Beast
 49085 | Swamp:4  | Entered Level 4 of the Swamp
 49120 | Swamp:4  | Reached skill level 21 in Fighting
 49462 | Swamp:4  | Reached skill level 15 in Armour
 49485 | Swamp:4  | Received a gift from Okawaru
 49751 | Swamp:4  | Found a runed door.
 49774 | Swamp:4  | Reached XP level 20. HP: 198/198 MP: 29/29
 49876 | Swamp:4  | Noticed Ycsiunue's ghost (adept DsWr)
 50594 | Swamp:4  | Got a decaying rune of Zot
 51306 | Vaults:1 | Entered Level 1 of the Vaults
 51593 | Vaults:1 | Received a gift from Okawaru
 51597 | Vaults:1 | Got an encrusted ring mail {god gift}
 51598 | Vaults:1 | Identified the +2 ring mail "Luivegegh" {rN+ MR+ Str-5}
                  | (Okawaru gifted it to you on level 1 of the Vaults)
 53456 | Vaults:2 | Reached skill level 10 in Summonings
 53831 | Vaults:2 | Found Deusujek's Jewellery Boutique.
 53871 | Vaults:2 | Reached skill level 22 in Fighting
 54030 | Vaults:2 | Paralysed by a hornet for 3 turns
 54477 | Vaults:2 | Found a staircase to the Crypt.
 54804 | Vaults:2 | Received a gift from Okawaru
 54807 | Vaults:2 | Got a pair of crude gloves {god gift}
 54817 | Vaults:2 | Identified the +2 pair of gloves of Fofakoun {rPois rF+
                  | Str+3 Dex-3} (Okawaru gifted it to you on level 2 of the
                  | Vaults)
 55675 | Vaults:3 | You fall through a shaft!
 55680 | Vaults:4 | Reached XP level 21. HP: 154/209 MP: 27/30
 57438 | Vaults:3 | Received a gift from Okawaru
 57443 | Vaults:3 | Got a pitted chain mail {god gift}
 57444 | Vaults:3 | Identified the +1 chain mail "Yvampub" {+Inv rElec rCorr
                  | Int-4} (Okawaru gifted it to you on level 3 of the Vaults)
 58096 | Vaults:4 | Reached skill level 23 in Fighting
 58123 | Vaults:4 | Paralysed by a floating eye for 2 turns
 59199 | Depths:1 | Entered Level 1 of the Depths
 59468 | Depths:1 | Received a gift from Okawaru
 59749 | Depths:1 | Reached XP level 22. HP: 116/220 MP: 33/33
 60004 | Depths:1 | Found a one-way gate to the infinite horrors of the Abyss.
 60094 | Depths:1 | Found a gateway to Hell.
 60381 | Depths:1 | Found a shattered altar of Ashenzari.
 60825 | Depths:1 | Found a one-way gate leading to the halls of Pandemonium.
 61129 | Depths:2 | Found a magical portal.
 61138 | WizLab   | Entered The Hall of the Hellbinder
 61191 | WizLab   | Received a gift from Okawaru
 61870 | WizLab   | Noticed Jehiex
 61882 | WizLab   | Found a burning altar of Makhleb.
 61906 | WizLab   | Killed Jehiex the Hellbinder
 61947 | WizLab   | Got a crude glass ring
 61972 | WizLab   | Identified the Volume of Creation
 62003 | WizLab   | Identified the ring "Qising" {*Corrode rPois rC+ Dex+2}
                  | (You found it in a wizard's laboratory)
 62070 | WizLab   | Learned a level 4 spell: Summon Lightning Spire
 62075 | WizLab   | Learned a level 4 spell: Passage of Golubria
 62740 | Depths:2 | Shot with a bolt by a yaktaur captain

Skill      XL: |  1  2  3  4  5  6  7  8  9 10 11 12 13 14 15 16 17 18 19 20 21 22 |
---------------+-------------------------------------------------------------------+-----
Maces & Flails | 1 2 3 4 |  4.9
Axes           | 4 6 9 11 13 14 15 17 18 19 | 19.7
Armour         | 1 3 5 6 8 9 10 12 13 14 15 | 15.0
Invocations    | 4 7 8 |  8.0
Fighting       | 7 10 12 13 15 16 18 19 20 21 22 23 | 23.0
Evocations     | 2 5 6 7 9 10 11 12 13 | 13.7
Shields        | 6 10 11 13 15 | 15.0
Translocations | 3 4 |  4.3
Spellcasting   | 5 6 7 9 |  9.8
Summonings     | 8 11 12 | 12.0
Crossbows      | |  1.0
Dodging        | |  1.0
Stealth        | |  1.5
Unarmed Combat | |  1.1
Charms         | |  0.5

Action                   |  1- 3 |  4- 6 |  7- 9 | 10-12 | 13-15 | 16-18 | 19-21 | 22-24 || total
-------------------------+-------+-------+-------+-------+-------+-------+-------+-------++-------
Melee: Club              |    38 |       |       |       |       |       |       |       ||    38
       Flail             |    54 |    48 |       |       |       |       |       |       ||   102
       Punch             |     1 |       |     1 |     3 |       |       |       |       ||     5
       War axe           |       |   104 |   255 |   871 |       |       |       |       ||  1230
       Battleaxe         |       |       |    14 |   219 |    15 |       |       |       ||   248
       Whip              |       |       |       |    11 |    45 |       |       |       ||    56
       Broad axe         |       |       |       |       |  1035 |  1387 |  1513 |   318 ||  4253
       Hand axe          |       |       |       |       |    16 |     9 |       |       ||    25
 Fire: Blowgun           |       |       |       |       |     2 |       |       |       ||     2
Throw: Javelin           |     2 |     1 |     3 |    14 |     2 |     3 |    10 |       ||    35
       Throwing net      |       |       |       |       |     1 |       |       |       ||     1
       Tomahawk          |       |       |       |       |       |       |       |     1 ||     1
 Cast: Call Canine Famil |       |       |       |       |       |       |    20 |     3 ||    23
       Shroud of Golubri |       |       |       |       |       |       |     3 |       ||     3
       Summon Ice Beast  |       |       |       |       |       |       |       |     6 ||     6
Invok: Heroism           |       |       |     3 |    12 |    10 |     6 |    13 |     4 ||    48
       Finesse           |       |       |       |     1 |     1 |     1 |       |     1 ||     4
Evoke: Wand              |       |       |       |     2 |    29 |     1 |    27 |     2 ||    61
       Lightning rod     |       |       |       |       |       |       |       |     1 ||     1
  Use: Scroll            |       |     4 |     5 |    12 |    14 |    14 |     6 |     4 ||    59
       Potion            |       |       |       |       |       |     2 |       |       ||     2
 Stab: Sleeping          |     1 |       |       |       |       |     2 |       |       ||     3
       Distracted        |       |       |       |       |       |     3 |     1 |       ||     4
       Paralysed         |       |       |       |       |       |       |     3 |       ||     3
       Confused          |       |       |       |       |       |       |     2 |       ||     2
  Eat: Chunk             |     4 |     8 |     9 |    33 |    40 |    40 |    46 |     7 ||   187
       Ration            |       |       |       |       |       |     1 |     1 |     1 ||     3
Armor: Leather armour    |    28 |       |       |       |       |       |       |       ||    28
       Scale mail        |     5 |    69 |       |       |       |       |   212 |   104 ||   390
       Plate armour      |       |    14 |   162 |   528 |   528 |   167 |       |       ||  1399
       Chain mail        |       |       |       |       |       |   212 |       |       ||   212
       Swamp dragon scal |       |       |       |       |       |   141 |   333 |       ||   474
Dodge: Dodged            |    54 |    84 |    66 |   260 |   201 |   316 |   343 |    55 ||  1379
       Deflected         |       |       |     1 |     6 |     1 |       |       |       ||     8
Block: Shield            |       |       |       |       |   333 |   643 |  1115 |   299 ||  2390
       Buckler           |       |       |       |       |    32 |       |       |       ||    32
       Reflection        |       |       |       |       |       |       |    63 |    25 ||    88
